 Dungeon Crawl Stone Soup version 0.22-a0-603-gfc1114d (console) character file.

46 Goblin1989 the Ducker (level 3, -3/15 HPs)
             Began as a Felid Chaos Knight on July 7, 2018.
             Slain by a worm (6 damage)
             ... on level 2 of the Dungeon.
             The game lasted 00:05:06 (1745 turns).

Goblin1989 the Ducker (Felid Chaos Knight)          Turns: 1745, Time: 00:05:07

Health: -3/15      AC:  1    Str:  8    XL:     3   Next: 46%
Magic:  4/4        EV: 19    Int: 11    God:    Xom [*.....]
Gold:   64         SH:  0    Dex: 16    Spells: 2/2 levels left
                                        Lives:  0   Deaths: 0

rFire    . . .     SeeInvis +     - Unarmed
rCold    . . .     Gourm    .   (shield unavailable)
rNeg     . . .     Faith    .   (armour unavailable)
rPois    .         Spirit   .   (helmet unavailable)
rElec    .         Reflect  .   (cloak unavailable)
rCorr    .         Harm     .   (gloves unavailable)
MR       .....                  (boots unavailable)
Stlth    ++........             (no amulet)
HPRegen  0.05/turn              (no ring)
MPRegen  0.09/turn              (no ring)

@: quick
A: very small, no armour, no weapons or thrown items, stealth, claws 1, fangs 3,
see invisible, carnivore, dopey 1, speed 1, frail 1, high mp 1, shaggy fur 1,
slow metabolism 1, sharp paws
a: Renounce Religion


You were on level 2 of the Dungeon.
You worshipped Xom.
You were a special plaything of Xom.
You were completely stuffed.

You visited 1 branch of the dungeon, and saw 2 of its levels.

You collected 64 gold pieces.

Inventory:

Scrolls
 f - 2 scrolls of amnesia {unknown}
 h - a scroll of teleportation {unknown}
 l - a scroll of enchant weapon {unknown}
Potions
 i - a potion of mutation {!q}
Comestibles
 e - 2 rations
 k - 3 chunks of flesh


   Skills:
 + Level 3.3 Fighting
 + Level 3.7 Dodging
 + Level 1.7 Stealth
 * Level 3.7 Unarmed Combat


You had 2 spell levels left.
You didn't know any spells.
Your spell library was empty.

Dungeon Overview and Level Annotations

Branches:
Dungeon (2/15)

Altars:
Dithmenos


Innate Abilities, Weirdness & Mutations

You cannot wear armour.
You are incapable of wielding weapons or throwing items.
Your paws allow you to move quietly. (Stealth)
You have sharp claws.
You have razor-sharp teeth.
You have supernaturally acute eyesight. (SInv)
You are carnivorous and can eat meat at any time.
You cover ground quickly.
You are covered in fur. (AC +1)
You have a slow metabolism.
Your sharp claws are effective at attacking unaware monsters.
You are dopey. (Int -2)
You are frail. (-10% HP)
You have an increased reservoir of magic. (+10% MP)


Message History

The adder is severely wounded.
You feel sick. The adder barely misses you.
You take 1 damage, and have 6/17 hp.
You miss the adder. Your claw misses the adder.
The adder is severely wounded.
The adder barely misses you.
Unknown command.
It was a potion of mutation.
You feel extremely strange.
You feel frail.
You feel stupid.
You feel more energetic.
Xom is mildly amused.
Xom thinks this is hilarious!
The adder closely misses you. The adder bites you but does no damage.
It was a potion of heal wounds.
You feel much better.
Xom thinks this is hilarious!
You feel sick. The adder bites you.
* * * LOW HITPOINT WARNING * * *
You regained 4 hp, and now have 10/15 hp.
It was a potion of curing.
You feel better. The adder completely misses you.
Health restored: 15 Unknown command.
You closely miss the adder. You bite the adder, but do no damage.
The adder is severely wounded.
The adder misses you. The adder bites you but does no damage.
You scratch the adder.
The adder is severely wounded.
The adder misses you.
You scratch the adder.
You kill the adder!
You closely miss the goblin. The goblin misses you.
You closely miss the goblin. The goblin hits you.
You take 1 damage, and have 14/15 hp.
You closely miss the goblin. You bite the goblin.
The goblin is heavily wounded.
The goblin barely misses you.
You barely miss the goblin. You bite the goblin, but do no damage.
The goblin is heavily wounded.
The goblin completely misses you.
You scratch the goblin but do no damage.
The goblin is heavily wounded.
The goblin misses you.
You claw the goblin!
You kill the goblin!
You scratch the jackal.
The jackal is lightly wounded.
The jackal closely misses you.
You scratch the jackal but do no damage.
The jackal is lightly wounded.
The jackal closely misses you.
You barely miss the jackal.
The jackal is lightly wounded.
The jackal misses you. The jackal closely misses you.
You scratch the jackal.
You kill the jackal!
You scratch the jackal but do no damage.
The jackal bites you.
You take 2 damage, and have 12/15 hp.
You scratch the jackal. Your bite misses the jackal.
The jackal is severely wounded.
The jackal bites you.
* * * LOW HITPOINT WARNING * * *
You take 1 damage, and have 11/15 hp.
You scratch the jackal.
You kill the jackal!
You barely miss the jackal. The jackal closely misses you.
You scratch the jackal.
You kill the jackal!
You scratch the frilled lizard.
You kill the frilled lizard!
The goblin wields a hunting sling.
The goblin shoots a stone.
The stone barely misses you.
The goblin shoots a stone.
The stone barely misses you.
Items here: ††††† a frilled lizard corpse; a jackal corpse x2; an adder corpse; a jackal corpse You closely miss the goblin.
The goblin unwields an uncursed hunting sling.
The goblin closely misses you.
You claw the goblin!
You kill the goblin!
You barely miss the kobold. You bite the kobold, but do no damage.
The kobold closely misses you.
You closely miss the kobold. The kobold misses you.
You barely miss the kobold. The kobold misses you.
You barely miss the kobold. The kobold completely misses you.
You barely miss the kobold. The kobold misses you.
You scratch the kobold.
You kill the kobold!
The worm barely misses you.
Things that are here:
an uncursed hunting sling; 9 stones {@Q3}; a kobold corpse You scratch the worm.
The worm is moderately wounded.
The worm bites you!
Ouch! That really hurt!
* * * LOW HITPOINT WARNING * * *
You take 9 damage, and have 3/15 hp.
MASSIVE DAMAGE!!
You claw the worm!
The worm is severely wounded.
You scratch the worm but do no damage.
The worm is severely wounded.
The worm bites you.
You die...

..██.█.......█ █......█
..█.█.█.⌂.█.██ ██████.█ .
█.██..██.██..█ █÷█ ..
=.█...███...█ ██████.█ ...
█.██.......████......█
....██..██....(...........███
$$...)h.██.█.███████.███...<█
...l.gl..█...███████.█ █.████
.......█.......w@.†.(█ █.
..K....█....$..█████.█ █.
.......█.......█ .█ ██
██████.█.......█ .█
███.......█ .█ ██..█████ .█
█..█ ██ █.?█ █...


You could see a worm.

Vanquished Creatures
  An adder (D:2)
  A dart slug (D:1)
  A giant cockroach (D:2)
  6 goblins
  3 hobgoblins
  4 jackals (D:2)
  6 kobolds
  A quokka (D:2)
  5 bats (D:1)
  A frilled lizard (D:2)
  3 rats (D:1)
32 creatures vanquished.

Notes
Turn   | Place    | Note
-------+----------+-------------------------------------------
     0 | D:1      | Goblin1989 the Felid Chaos Knight began the quest for the Orb.
     0 | D:1      | Reached XP level 1. HP: 10/10 MP: 2/2
   322 | D:1      | XOM: harmless Conj miscast
   338 | D:1      | XOM: harmless Pois miscast
   454 | D:1      | XOM: mild Ice miscast
   551 | D:1      | Reached XP level 2. HP: 7/14 MP: 3/3
   575 | D:1      | XOM: divination: detect creatures
   585 | D:1      | XOM: divination: detect creatures
   736 | D:1      | Reached skill level 1 in Stealth
   878 | D:1      | XOM: cloud trail
  1624 | D:2      | XOM: 2-stop teleportation journey
  1662 | D:2      | Found a shadowy altar of Dithmenos.
  1702 | D:2      | Reached XP level 3. HP: 17/17 MP: 4/4
  1710 | D:2      | Gained mutation: You are frail. (-10% HP) [potion of mutation]
  1710 | D:2      | Gained mutation: You are dopey. (Int -2) [potion of mutation]
  1710 | D:2      | Gained mutation: You have an increased reservoir of magic. (+10% MP) [potion of mutation]
  1745 | D:2      | Slain by a worm

Vault maps used:
D:1:      dpeg_arrival_signposts, st_stairs_14
D:2:      nicolae_dithmenos_through_a_glass_darkly, ashenzari_altar_1,
          gammafunk_temple_overflow_elements, first_ration, grunt_qazlal_clouds

Skill      XL: |  1  2 |
---------------+-------+-----
Stealth        | 1 |  1.7
Fighting       | |  3.3
Dodging        | |  3.7
Unarmed Combat | |  3.7

Action                   || total
-------------------------++-------
Melee: Unarmed           ||   104
       Bite              ||    11
       Punch             ||     1
  Use: Potion            ||     3
 Stab: Distracted        ||     1
       Sleeping          ||     2
  Eat: Chunk             ||     9
Armor: Skin              ||     4
Dodge: Dodged            ||    85

Table legend:
 A = Spawn XP
 B = Non-spawn XP
 C = Spawn XP percentage of total XP
 D = Spawn monster count
 E = Non-spawn monster count
 F = Spawn count percentage of total count
 G = Total turns spent on level
                    A         B        C        D         E        F      G
               +---------+---------+-------+---------+---------+-------+---------
         Total |       0 |      67 |   0.0 |       0 |      32 |   0.0 |  1745
               +---------+---------+-------+---------+---------+-------+---------
           D:1 |       0 |      31 |   0.0 |       0 |      19 |   0.0 |  1599
           D:2 |       0 |      36 |   0.0 |       0 |      13 |   0.0 |   146
               +---------+---------+-------+---------+---------+-------+---------

Vault maps used:
D:1:      dpeg_arrival_signposts, st_stairs_14
D:2:      nicolae_dithmenos_through_a_glass_darkly, ashenzari_altar_1,
          gammafunk_temple_overflow_elements, first_ration, grunt_qazlal_clouds
